[Event "Czech Open-Rapid 2022"]
[Site "Pardubice"]
[Date "2022.07.20"]
[Round "2.18"]
[White "Seger, Ruediger"]
[Black "Tolmacevs, Artjoms"]
[Result "1-0"]
[ECO "B22"]
[WhiteElo "2299"]
[BlackElo "2022"]
[Annotator "TA"]
[PlyCount "93"]
[EventDate "2022.07.20"]
[EventType "swiss"]
[EventCountry "CZE"]
[SourceTitle "playchess.com"]
[Source "ChessBase"]
[SourceQuality "1"]
[TimeControl "1200+10"]

1. e4 c5 2. c3 Nf6 3. e5 Nd5 4. d4 cxd4 5. Nf3 Nc6 6. cxd4 d6 7. Bc4 dxe5 {[%emt 0:00:04] now scores much better than the old 7...Nb6.} 8. dxe5 Ndb4 {[%emt 0:00:02] Black wants to play ...Qxd1+.} 9. O-O {[%emt 0:00:07] Black must now prevent Qe2. B22: Sicilian: 2 c3.} Qxd1 10. Rxd1 Nc2 11. Na3 {[%emt 0:00:02][%cal Bb1a3,Ba3b5,Bb5c7][%mdl 32] White is slightly better.} Nxa1 {[%emt 0:00:02] [#]} (11... Nxa3 $11 {and Black is okay.} 12. bxa3 g6) 12. Nb5 $1 $40 {[%emt 0:00:03][%cal Rb5c7][%mdl 128] White goes for the king.} Bd7 13. Nc7+ Kd8 14. Nxa8 Kc8 {[%emt 0:05:44] [#]} 15. Be3 $146 {[%emt 0:01:48] And now Bxa7 would win.} ({But not} 15. Bxf7 $6 Bg4 $16) ({Predecessor:} 15. Bf4 e6 16. Rxa1 Kb8 17. Ng5 Be7 18. Rd1 Be8 19. Ne4 Kxa8 20. Nd6 Kb8 21. Bb5 {0-1 (68) Zhong,X (2382)-Keymer,V (2558) Chess.com INT 2020}) 15... Bg4 (15... e6 $16 {was called for.} 16. Rxa1 Kb8) 16. Rxa1 Kb8 {[%emt 0:00:42] [#]} (16... e6 $142 17. Rc1 Kb8) 17. Ng5 $1 Be6 (17... Bh5 18. Bxf7) 18. Nxe6 fxe6 {[%emt 0:00:01] [#]} 19. Bxe6 $1 {[%emt 0:00:10][%cal Oa1c1] Rc1! is the strong threat.} Kxa8 (19... g6 20. Rd1) 20. Rd1 g6 21. Rd7 Bg7 22. f4 g5 23. g3 gxf4 24. gxf4 Bh6 25. Bd5 {[%emt 0:01:06] Hoping for Bxc6. This bishop pair is nice.} Rf8 (25... Re8 $142 26. Kf2 Kb8) 26. Bxc6 bxc6 27. Rxa7+ Kb8 28. Rxe7 Bxf4 29. Bxf4 Rxf4 30. Rxh7 {[%emt 0:00:17][%mdl 4096] Endgame KR-KR} Re4 31. Kf2 Rxe5 32. Rh3 Rc5 33. Re3 Kc7 34. b3 Kb6 (34... Rh5 {might work better.} 35. h3 Rh8) 35. a4 {[%emt 0:00:05] aiming for h4.} Ka5 $2 (35... Rh5 36. Kg2 Kc5) 36. h4 {[%emt 0:00:02][%cal Bh2h4,Bh4h5,Bh5h6][%mdl 32] White wants to mate with Rh3.} Kb4 37. Rh3 {[%emt 0:00:13] White mates.} Rh5 38. Kf3 c5 39. Kg4 Rd5 40. h5 Rd4+ 41. Kf5 Rd5+ 42. Ke6 Rd8 43. h6 Rh8 44. h7 c4 {[%emt 0:00:07] [#]} 45. bxc4 $1 Kxc4 46. Kf6 Rxh7 47. Rxh7 {[%emt 0:00:02] Black got outplayed after the opening.  Weighted Error Value: White=0.32/Black=0.73} 1-0

[Event "Czech Open-Rapid 2022"]
[Site "Pardubice"]
[Date "2022.07.20"]
[Round "2.19"]
[White "Tesar, Jan"]
[Black "Strebkovs, Andrejs"]
[Result "1/2-1/2"]
[ECO "A46"]
[WhiteElo "1975"]
[BlackElo "2283"]
[Annotator "TA"]
[PlyCount "105"]
[EventDate "2022.07.20"]
[EventType "swiss"]
[EventCountry "CZE"]
[SourceTitle "playchess.com"]
[Source "ChessBase"]
[SourceQuality "1"]
[TimeControl "1200+10"]

1. d4 Nf6 2. Nf3 d6 3. g3 g6 4. Bg2 Bg7 5. O-O O-O 6. b3 Nbd7 7. Bb2 e5 8. dxe5 Ng4 9. c4 dxe5 10. h3 Nh6 11. Nc3 f5 {[%emt 0:01:43] [#]} (11... e4 $5 12. Nd4 Nc5 $14) 12. e3 $146 {[%emt 0:01:04] E60: King's Indian: Unusual lines and Fianchetto Variation without Nc3.} ({White should play} 12. e4) ({Predecessor:} 12. e4 f4 13. Qd2 c6 14. Rad1 Nf7 15. Na4 Qe7 16. Qc1 Re8 17. Ba3 Qf6 18. Rd3 Bf8 19. Rfd1 Bxa3 20. Qxa3 {1-0 (52) Van Foreest,J (2632)-Bosboom,M (2410) Amstelveen 2019}) 12... Nf7 (12... e4 $5 13. Nd4 Ne5 $11) 13. Qe2 c6 14. Rad1 {[%emt 0:00:27] The position is equal.} Qe7 15. Rd2 ({Better is} 15. e4 $11) 15... e4 $15 16. Nd4 Nde5 17. Rfd1 Nd3 18. Ba1 Nfe5 19. Na4 h5 20. h4 Ng4 21. Rxd3 exd3 22. Qxd3 g5 23. hxg5 Qxg5 24. Nf3 Qh6 25. Bxg7 Qxg7 26. Nc5 b6 27. Na4 Bb7 28. c5 b5 29. Nc3 Rad8 $2 {[%emt 0:00:10] [#]} (29... Qf6 $16 {was worth a try.}) 30. Qxd8 $18 Rxd8 31. Rxd8+ Kh7 32. Rd3 (32. Ne2 $18) 32... b4 $36 {[%emt 0:00:13][%mdl 2048] Black has good play.} 33. Ne2 (33. Nd1 $11 {and White is okay.}) 33... Ba6 $19 34. Rd2 Qa1+ 35. Bf1 Bxe2 $2 (35... Qb1 $19 {Strongly threatening ...Bd3.} 36. Rd7+ Kg8) 36. Rxe2 $15 Qc3 (36... Ne5 $5 37. Nxe5 Qxe5 $15) 37. Nd4 $1 Ne5 38. Bh3 $1 Ng4 39. Nxf5 Qxc5 40. Nd4 Qc1+ 41. Kg2 Ne5 (41... Qb1 $11 {keeps the balance.} 42. Rc2 Kg7) 42. Rc2 $16 Qa1 (42... Qd1 $16) 43. Rc5 $18 ({Less strong is} 43. Nxc6 Nxc6 44. Rxc6 Qxa2 $14) 43... Nf7 44. Rxh5+ Kg7 45. Ra5 ({Don't play} 45. Nxc6 Qxa2 46. Nd4 (46. Nxb4 Qxb3 47. Nd5 a5 $14) 46... a5 $18) 45... Ne5 $2 (45... Qb2 46. Nxc6 Qc2) 46. Rxa7+ (46. Rxe5 $142 Qxa2 47. Bd7) 46... Kf6 47. Ra6 Nd3 $2 (47... Ke7 48. Bf5 Qb2 49. Nxc6+ Nxc6) 48. Rxc6+ Kg7 49. Bf5 Ne1+ 50. Kh3 {[%emt 0:01:03] [#] Bg6 is the strong threat.} Qxa2 51. Rc7+ Kf6 52. Rc6+ (52. f4 $142) 52... Kg7 $1 53. Rc7+ $2 {[%emt 0:00:02] Weighted Error Value: White=0.63/Black=0.61} (53. Bg6 $18 Qa8 54. Nf5+ Kh8 55. Re6) 1/2-1/2

[Event "Czech Open-Rapid 2022"]
[Site "Pardubice"]
[Date "2022.07.20"]
[Round "2.20"]
[White "Krak, Tomas"]
[Black "Slavik, Jan"]
[Result "1-0"]
[ECO "A05"]
[WhiteElo "2312"]
[BlackElo "1913"]
[Annotator "TA"]
[PlyCount "83"]
[EventDate "2022.07.20"]
[EventType "swiss"]
[EventCountry "CZE"]
[SourceTitle "playchess.com"]
[Source "ChessBase"]
[SourceQuality "1"]
[TimeControl "1200+10"]

1. Nf3 Nf6 2. c4 d5 3. cxd5 Nxd5 4. d4 e6 5. e4 Nf6 6. Nc3 Be7 7. Bd3 Nbd7 {[%emt 0:00:19] D06: Queen's Gambit: Symmetrical and Baltic Defences.} 8. O-O O-O 9. Re1 {[%emt 0:00:55] White is more active.} h6 {[%emt 0:00:27] [#]} (9... Re8 $16 {is a better defense.}) 10. Bc2 $146 {[%emt 0:00:26] Threatens to win with e5.} ({Predecessor:} 10. Bf4 Nh5 11. Be3 Nhf6 12. Qd2 h5 13. Rac1 a6 14. Qc2 Ne8 15. e5 Nb6 16. Ne4 {½-½ (32) Jullien,P (1700)-Mallet,B (1520) Meyreuil 2004}) 10... c5 (10... Re8 $142 11. a3 c6) 11. d5 {[%emt 0:00:52] Black must now prevent d6.} Nb6 12. d6 Qxd6 13. Qxd6 {[%emt 0:00:04][%mdl 64] [#] Remove Defender} Bxd6 14. e5 Be7 15. exf6 Bxf6 16. Ne4 Bd4 17. Nxd4 cxd4 18. Nc5 Nd7 19. Nd3 b6 20. Bf4 Bb7 21. Rac1 Rac8 22. Bb3 Rfd8 23. Bc7 Rf8 24. f3 Ba6 25. Bc4 {[%emt 0:00:36] [#]} (25. Ba4 $18 {has better winning chances.}) 25... Bb7 $2 (25... Bxc4 $16 {keeps fighting.} 26. Rxc4 Nc5 27. Rxc5 (27. Nxc5 Rxc7 28. Kf2 Rxc5 $17) 27... bxc5) 26. Bb5 $18 Nf6 27. Bd6 Rfd8 28. Rxc8 Rxc8 29. Rc1 Rxc1+ 30. Nxc1 a6 31. Bc4 Nd7 32. Nd3 Kh7 33. Ne5 Nf6 34. Nxf7 Kg6 35. Ne5+ Kg5 36. g3 Nd5 37. Bxd5 Bxd5 38. a3 Kf5 39. Kf2 g6 40. g4+ Kg5 (40... Kf6 $18 41. Nd7+ Kf7 42. Nxb6 Bb3) 41. Be7+ Kf4 42. Nd3# {White took control after the opening.  Weighted Error Value: White=0.25 (precise) /Black=0.59} 1-0

[Event "Czech Open-Rapid 2022"]
[Site "Pardubice"]
[Date "2022.07.20"]
[Round "2.21"]
[White "Jurek, Josef"]
[Black "Vlasak, Jiri"]
[Result "1-0"]
[ECO "A13"]
[WhiteElo "2200"]
[BlackElo "1817"]
[Annotator "TA"]
[PlyCount "41"]
[EventDate "2022.07.20"]
[EventType "swiss"]
[EventCountry "CZE"]
[SourceTitle "playchess.com"]
[Source "ChessBase"]
[SourceQuality "1"]
[TimeControl "1200+10"]

1. Nf3 d5 2. c4 e6 3. g3 c6 4. Bg2 f5 5. O-O Nf6 6. d3 Be7 7. Nbd2 {[%emt 0:00:40][%cal Bb1d2,Bd2e4,Be4g5][%mdl 32] A10: English Opening: Unusual Replies for Black.} O-O 8. Qc2 Qe8 (8... c5 $11) 9. e4 {[%emt 0:00:10] [#] White is slightly better.} fxe4 $146 ({Predecessor:} 9... dxe4 10. dxe4 Nxe4 11. Nxe4 fxe4 12. Qxe4 Bf6 13. Ng5 Bxg5 14. Bxg5 e5 15. Rae1 Bf5 16. Qxe5 {1-0 (23) Tombette,P (2426)-Camilleri,H (2353) ICCF corr 1998}) 10. dxe4 dxe4 (10... Qg6 $14) 11. Nxe4 $16 Nbd7 12. Bf4 {[%emt 0:00:23] White is more active.} ({Better is} 12. Nxf6+ $16 gxf6 13. Bh6) 12... Nh5 {[%emt 0:01:28] A mistake that costs the game.} (12... Nxe4 $14 13. Qxe4 e5) 13. Bg5 g6 (13... Nhf6 $16 {was worth a try.} 14. Rfe1 a5) 14. Rfe1 Ndf6 15. Bh6 Ng7 16. Neg5 Bc5 17. Re2 {[%emt 0:00:43] Bxg7 is the strong threat.} Ng4 18. Bxg7 {[%emt 0:00:03] Really sharp!} Kxg7 19. Rae1 Rf6 $2 {[%emt 0:01:29] [#]} (19... Kg8 20. a3 a5) 20. Ne4 $18 {[%emt 0:00:37] Pair of Knights!} Rf5 (20... Qe7 21. Nxc5 Qxc5) 21. Qc3+ {[%emt 0:01:36] Weighted Error Value: White=0.33/Black=0.63} 1-0

[Event "Czech Open-Rapid 2022"]
[Site "Pardubice"]
[Date "2022.07.20"]
[Round "2.22"]
[White "Chubar, Vladimir"]
[Black "Brejnik, Gustav"]
[Result "0-1"]
[ECO "D02"]
[WhiteElo "1809"]
[BlackElo "2292"]
[Annotator "TA"]
[PlyCount "92"]
[EventDate "2022.07.20"]
[EventType "swiss"]
[EventCountry "CZE"]
[SourceTitle "playchess.com"]
[Source "ChessBase"]
[SourceQuality "1"]
[TimeControl "1200+10"]

1. Nf3 d5 2. d4 Nf6 3. Bf4 c5 4. e3 Qb6 5. Nc3 e6 (5... a6 $11) 6. Rb1 {[%emt 0:00:53] D02: 1 d4 d5 2 Nf3 sidelines, including 2...Nf6 3 g3 and 2...Nf6 3 Bf4.} Be7 7. Be2 O-O {[%emt 0:00:07] [#]} 8. Bg5 $146 (8. dxc5 $11 Qxc5 9. h3) ({Predecessor:} 8. dxc5 Bxc5 9. O-O Be7 10. Bd3 Nbd7 11. b4 a6 12. Qd2 Nh5 13. Ne2 Nxf4 14. exf4 {0-1 (55) Hasangatin,R (2485)-Derjabin,I (2345) Sochi 2018}) 8... Nc6 9. O-O cxd4 10. exd4 h6 11. Bh4 Bd7 (11... g5 $5 12. Bg3 Nh5 $11) 12. Bd3 Rfc8 (12... Nxd4 $2 13. Nxd4 a6 14. Re1 $18) (12... g5 $5 13. Bg3 Qd8 $11) 13. a3 Be8 (13... Nxd4 $2 14. Nxd4 Rd8 15. Nf3 $18) 14. Re1 Rd8 (14... Nxd4 $2 15. Nxd4 Qc5 16. Nf3 $18) 15. b4 (15. Ne2 $14) 15... Qc7 (15... Nxd4 $2 16. Nxd4 Rac8 17. Qd2 $1 $18) 16. Ne2 Ne4 17. b5 (17. c4 $14) 17... Bxh4 $15 18. Nxh4 Na5 19. Nf3 Nc4 20. Rb3 Rac8 {[%emt 0:00:41] 0x0.0019ec1e507edp-1022s more active pieces.} 21. Ng3 Nxg3 22. hxg3 Qa5 23. g4 g6 ({Much less strong is} 23... Nxa3 24. g5 hxg5 25. Nxg5 $14) (23... Bd7 $11) 24. Qc1 $16 Kg7 ({Black should try} 24... g5) 25. g5 $1 hxg5 (25... h5 $16) 26. Qxg5 $18 {[%emt 0:00:31][%cal Od3g6] Strongly threatening Bxg6!} Rd7 27. Re2 ({Not} 27. Bxc4 dxc4 28. Rbe3 Qd8 $14) (27. b6 $18) 27... Qd8 $16 {[%emt 0:00:13] [#]} 28. Qg3 Qf6 {[%emt 0:00:16] [#]} 29. Bxc4 $2 (29. Ne5 $1 $18) 29... dxc4 $11 30. Rbe3 Rd5 $1 31. a4 a6 32. c3 axb5 33. axb5 (33. Ne5 $11) 33... Rxb5 (33... Bxb5 $15 34. Ne5 Bc6) 34. Ne5 (34. Re5 $11) 34... Rb1+ (34... Ra8 $17) 35. Re1 Rxe1+ 36. Rxe1 Bc6 37. Ng4 (37. Nxc4 $11 Ra8 38. f3) 37... Qg5 $15 38. f4 Qf5 39. Ne3 Qd3 ({Black should play} 39... Qb5 $15) 40. f5 (40. Rd1 $1 $11 {was the only way to keep the balance.} Qe4 41. Re1) 40... exf5 $17 {[%emt 0:00:02] And now ...Re8 would win.} (40... Qxc3 $2 41. fxg6 Qxd4 42. gxf7+ Kxf7 43. Rf1+ Ke7 44. Qg5+ (44. Rd1 Qc5 $11) 44... Ke8 45. Qh5+ (45. Rd1 Qe4 $11) 45... Ke7 46. Qf7+ Kd6 47. Rd1 Qxd1+ 48. Nxd1 $18) 41. Qe5+ (41. Rd1 $17 {is a better defense.} Qe4 42. Rf1) 41... Kg8 $19 {[%emt 0:00:08] Threatens to win with ...Re8.} 42. d5 Re8 43. Qf6 (43. Qd4 Bxd5 44. Kf2 Qxd4 45. cxd4) 43... Rxe3 44. Ra1 Qxd5 {[%emt 0:00:14][%csl Gc6][%cal Rd5g2] Black mates.} 45. Ra8+ Re8 46. Rxe8+ Bxe8 {[%emt 0:00:02] Black used his chance.  Weighted Error Value: White=0.67/Black=0.26 (precise)} 0-1

[Event "Czech Open-Rapid 2022"]
[Site "Pardubice"]
[Date "2022.07.20"]
[Round "2.23"]
[White "Shystarova, Svitlana"]
[Black "Klimakovs, Sergejs"]
[Result "0-1"]
[ECO "B22"]
[WhiteElo "1836"]
[BlackElo "2266"]
[Annotator "TA"]
[PlyCount "86"]
[EventDate "2022.07.20"]
[EventType "swiss"]
[EventCountry "CZE"]
[SourceTitle "playchess.com"]
[Source "ChessBase"]
[SourceQuality "1"]
[TimeControl "1200+10"]

1. e4 c5 2. c3 Nf6 3. e5 Nd5 4. d4 cxd4 5. cxd4 d6 6. Nf3 Nc6 7. Bc4 dxe5 $1 {[%emt 0:00:02][%mdl 4] outshines the older 7...Nb6.} 8. dxe5 Nb6 {[%emt 0:01:09] B22: Sicilian: 2 c3.} 9. Qxd8+ Nxd8 10. Bb5+ Bd7 {[%emt 0:00:39] The position is equal.} 11. Bxd7+ Nxd7 12. Nc3 Ne6 13. O-O g6 14. Re1 Bg7 {[%emt 0:00:04] [#]} 15. Bd2 $146 ({Predecessor:} 15. Nd5 Rd8 16. Nf4 Nxe5 17. Nxe5 Bxe5 18. Nxe6 fxe6 19. Bh6 Bxb2 20. Rab1 Bc3 21. Rec1 {0-1 (55) Rodriguez Lopez,D (2149)-Quispe Arteaga,G (2389) Madrid 2021}) 15... O-O-O {[%emt 0:04:22][%cal Od7e5,Ba8d8,Bd8d7,Bd7d3][%mdl 32] next ...Nxe5! is good for Black.} 16. Rac1 Kb8 (16... Nxe5 $2 17. Nxe5 Rhf8 18. Ne2+ Kb8 19. Bc3 $18) 17. Rc2 Nb6 18. Bg5 Rd7 19. h3 (19. Nb5 $11) 19... Rhd8 20. Bh4 h6 21. Bg3 Rd3 22. Rec1 Rc8 23. Ne4 Rxc2 24. Rxc2 Rd1+ 25. Kh2 Rd5 {[%emt 0:00:33] Against Nc5} 26. Rd2 (26. Kg1 $11 {keeps the balance.}) 26... Kc7 27. Nc3 ({White should try} 27. Re2 $15) 27... Rxd2 $17 28. Nxd2 Kc6 {[%emt 0:00:16] Inhibits Nb5.} 29. f4 Nd5 30. Ne2 h5 31. Nf3 Bh6 32. Nfd4+ (32. f5 $17 gxf5 33. Nfd4+ Nxd4 34. Nxd4+ Kd7 35. Nxf5) 32... Nxd4 $19 33. Nxd4+ {[%emt 0:00:01][%mdl 4096] Endgame KBN-KBN} Kc5 34. Bf2 (34. Nf3 $142) 34... Bxf4+ 35. g3 Be3 36. Nb3+ Kb5 37. Be1 (37. Bxe3 $142 Nxe3 38. Nd4+ Kb4 39. Nf3) 37... b6 38. Kg2 Kc4 39. Kf3 Kd3 {[%emt 0:00:02] Black is clearly winning.} 40. g4 hxg4+ 41. hxg4 a5 42. Bh4 (42. Bxa5 $142 bxa5 43. Nxa5) 42... a4 43. Na1 Bd4 {[%emt 0:00:02][%csl LRb2,LRe5] Weighted Error Value: White=0.46/Black=0.11 (very precise)} 0-1

[Event "Czech Open-Rapid 2022"]
[Site "Pardubice"]
[Date "2022.07.20"]
[Round "2.24"]
[White "Goroshkov, Maksym"]
[Black "Shystarova, Anna"]
[Result "1-0"]
[ECO "C21"]
[WhiteElo "2240"]
[BlackElo "1856"]
[Annotator "TA"]
[PlyCount "75"]
[EventDate "2022.07.20"]
[EventType "swiss"]
[EventCountry "CZE"]
[SourceTitle "playchess.com"]
[Source "ChessBase"]
[SourceQuality "1"]
[TimeControl "1200+10"]

1. e4 e5 2. d4 exd4 3. c3 dxc3 4. Nxc3 Nc6 5. Nf3 d6 6. Bb5 {[%emt 0:00:04] C44: Ponziani Opening and Scotch Gambit.} Bd7 7. O-O {[%emt 0:00:04] [#]} Nge7 $146 (7... Be7 $11) ({Predecessor:} 7... Nf6 8. Bg5 Be7 9. Rc1 O-O 10. Re1 Bg4 11. Bxc6 bxc6 12. Bxf6 Bxf6 13. h3 Bd7 {1-0 (44) Chaves,J (1861)-Da Silva,C (1795) Rio de Janeiro 2017}) 8. Bg5 {[%emt 0:00:15] White is slightly better.} f6 (8... h6 $11 9. Be3 a6) 9. Be3 $16 Ng6 10. Bc4 Nge5 11. Nxe5 {[%emt 0:00:03] White is more active.} Nxe5 12. Bb3 c6 13. h3 {[%emt 0:00:08][%mdl 1024] White has strong compensation.} Qe7 14. f4 Ng6 {[%emt 0:00:14] [#]} (14... Nf7 $14) 15. Qf3 a6 (15... Kd8 $142 16. Bf2 Kc8) 16. Rac1 Nh4 $2 (16... a5 17. Bb6 h5) 17. Qh5+ $18 Ng6 18. f5 Bxf5 19. exf5 (19. Rxf5 {Hoping for Bb6.} O-O-O 20. Rff1) 19... Qxe3+ 20. Kh1 O-O-O $2 (20... Qh6 21. Qxh6 gxh6) 21. fxg6 Qg3 $2 (21... Qg5 22. Qxg5 fxg5 23. gxh7 Rxh7) 22. gxh7 (22. Be6+ $142 Kb8 23. Qa5) 22... g6 23. Qf3 Qxf3 24. Rxf3 ({Weaker is} 24. gxf3 Rxh7 25. Kg2 Bg7 $16) 24... Rxh7 25. Rxf6 g5 26. Rcf1 Rh8 27. Ne4 g4 28. Be6+ Kb8 29. Bxg4 d5 30. Ng5 Be7 31. Rg6 {[%emt 0:00:02] [#] And now Rf7 would win.} Bxg5 (31... Rdg8 $142) 32. Rxg5 {[%emt 0:00:01] White is clearly winning.} d4 33. Rg7 {[%emt 0:00:13] Inhibits Rh7. Rff7 would kill now.} Rhf8 34. Rxf8 Rxf8 35. Rd7 c5 36. Bf3 Kc8 37. Rd5 b6 38. b4 {[%emt 0:00:02] Black got outplayed after the opening.  Weighted Error Value: White=0.47/Black=0.67} 1-0

[Event "Czech Open-Rapid 2022"]
[Site "Pardubice"]
[Date "2022.07.20"]
[Round "2.25"]
[White "Nemec, Bohumil"]
[Black "Sarkar, Justin"]
[Result "0-1"]
[ECO "D02"]
[WhiteElo "1762"]
[BlackElo "2346"]
[Annotator "TA"]
[PlyCount "54"]
[EventDate "2022.07.20"]
[EventType "swiss"]
[EventCountry "CZE"]
[SourceTitle "playchess.com"]
[Source "ChessBase"]
[SourceQuality "1"]
[TimeControl "1200+10"]

1. d4 Nf6 2. Nf3 d5 3. Bf4 c5 4. c3 Qb6 5. Qb3 Nc6 6. e3 c4 7. Qxb6 axb6 8. Be2 {[%emt 0:00:35] D02: 1 d4 d5 2 Nf3 sidelines, including 2...Nf6 3 g3 and 2...Nf6 3 Bf4.} b5 9. O-O Bf5 10. Nbd2 {[%emt 0:00:30] Black is slightly better.} b4 11. Ne5 (11. cxb4 $11 {is more appropriate.} Nxb4 12. Ne5) 11... e6 {[%emt 0:02:14] [#]} 12. cxb4 $146 (12. g4 $11 Bc2 13. Rfc1) ({Predecessor:} 12. Bf3 bxc3 13. bxc3 Ba3 14. Nxc6 bxc6 15. Nxc4 dxc4 16. Bxc6+ Ke7 17. Bxa8 Rxa8 18. f3 {0-1 (29) Nechaev,O (2410)-Kezin,R (2455) Sochi 2017}) 12... Bxb4 $17 13. Ndf3 Nd7 14. a3 Be7 15. h3 f6 16. Nxc6 bxc6 17. Rfc1 g5 $36 {[%emt 0:00:16][%mdl 2048] Keeping White busy.} 18. Bh2 Nb6 19. Bd1 Kd7 20. Ne1 Ra7 {[%emt 0:01:26] Black is more active.} 21. Bc2 {[%emt 0:00:16] This costs White the game.} (21. Ra2 $17) 21... Bxc2 $19 22. Rxc2 Rha8 23. Rac1 (23. Nf3 $142) 23... Na4 24. Nf3 Rb7 25. b4 $2 {[%emt 0:00:36] [#]} (25. Bg3) 25... cxb3 {[%cal Bc4b3,Bb3b2][%mdl 32] Black is clearly winning.} 26. Rxc6 b2 27. Rc7+ Kd8 {[%emt 0:00:05] Weighted Error Value: White=0.67/Black=0.11 (very precise)} 0-1

[Event "Czech Open-Rapid 2022"]
[Site "Pardubice"]
[Date "2022.07.20"]
[Round "2.26"]
[White "Freisler, Pavel"]
[Black "Haack, Stefan"]
[Result "1-0"]
[ECO "D11"]
[WhiteElo "2256"]
[BlackElo "1757"]
[Annotator "TA"]
[PlyCount "63"]
[EventDate "2022.07.20"]
[EventType "swiss"]
[EventCountry "CZE"]
[SourceTitle "playchess.com"]
[Source "ChessBase"]
[SourceQuality "1"]
[TimeControl "1200+10"]

1. d4 Nf6 2. Nf3 d5 3. c4 c6 4. e3 Bg4 5. h3 Bh5 6. g4 {[%emt 0:00:06] D11: Slav Defence: 3 Nf3 sidelines and 3...Nf6 4 e3 Bg4.} Bg6 7. Ne5 e6 8. Nc3 Be7 (8... Nbd7 $11) 9. Nxg6 (9. h4 $1 $16 ) 9... hxg6 $11 10. cxd5 exd5 11. Bd2 Nbd7 {[%emt 0:02:20] [#]} 12. Bd3 $146 ({Predecessor:} 12. Bg2 Nb6 13. b3 Bd6 14. g5 Nh5 15. Qg4 Qe7 16. h4 Nf4 17. Bf1 Ne6 18. Bg2 {1-0 (43) Volodin,A (2495)-Nyback,T (2631) Puhajarve 2011}) 12... Qc7 ({Black should play} 12... Nb6 $11) 13. Qf3 $14 Nf8 14. O-O-O (14. h4 $14 {should be considered.}) 14... Ne6 (14... g5 $1 $11) 15. Kb1 b5 (15... g5 $11 {remains equal.}) 16. Rc1 {[%emt 0:00:53][%cal Oc3d5] And now Nxd5! would win.} a6 17. h4 b4 18. Na4 a5 19. b3 Nd7 20. h5 gxh5 21. gxh5 Nb6 $2 (21... Qd6 $16 22. Rc2 Nf6) 22. Nc5 $2 (22. Bb5 $18 Nd8 23. e4 $1) 22... Nxc5 (22... Bxc5 $11 {keeps the balance.} 23. dxc5 Nd7) 23. dxc5 $16 Nd7 {[%emt 0:00:10] [#]} 24. e4 $1 d4 25. Bf4 $36 {[%emt 0:00:31][%mdl 2048] Keeping Black busy. White is more active.} Qb7 (25... Ne5 $16 {was called for.}) 26. Bd6 $18 Bxd6 27. cxd6 {[%emt 0:00:01][%cal Oe4e5] Black must now prevent e5!} a4 {[%emt 0:00:10] Strongly threatening ...axb3.} 28. Bc4 Ne5 29. Qg3 Nxc4 30. Rxc4 ({Much less strong is} 30. bxc4 $6 O-O-O $18) 30... axb3 $2 (30... f6 {was worth a try.} 31. Rxd4 O-O 32. bxa4 Qf7) 31. Qe5+ $2 (31. Qxg7 $18 Rf8 32. Qe5+ Kd8 33. Qf6+ Kc8 34. axb3) 31... Kf8 $11 {[%emt 0:00:17] Hoping for ...Qa6.} 32. h6 {[%mdl 32768] Weighted Error Value: White=0.69/Black=0.60. Loss on time!?} 1-0

[Event "Czech Open-Rapid 2022"]
[Site "Pardubice"]
[Date "2022.07.20"]
[Round "2.27"]
[White "Aradhya, Garg"]
[Black "Shvachko, Gleb"]
[Result "1-0"]
[ECO "D35"]
[WhiteElo "2229"]
[BlackElo "1476"]
[Annotator "TA"]
[PlyCount "65"]
[EventDate "2022.07.20"]
[EventType "swiss"]
[EventCountry "CZE"]
[SourceTitle "playchess.com"]
[Source "ChessBase"]
[SourceQuality "1"]
[TimeControl "1200+10"]

1. d4 d5 2. c4 e6 3. Nc3 Nf6 4. cxd5 exd5 5. Bg5 Be7 6. e3 c6 7. Bd3 Be6 {[%emt 0:00:49] D35: Queen's Gambit Declined: Exchange Variation.} 8. h3 Nbd7 9. Nge2 {[%emt 0:00:02] [#]} Qb6 $146 (9... O-O $11) ({Predecessor:} 9... h6 10. Bf4 O-O 11. g4 Re8 12. Rg1 c5 13. g5 hxg5 14. Bxg5 Ne4 15. Bh6 Bf8 16. Bxe4 dxe4 {1-0 (34) Martinovic,S (2524)-Wilhelm,J (2081) Neustadt an der Weinstrasse 2020}) 10. O-O $16 O-O 11. a3 (11. f4 $16) 11... a5 (11... Qxb2 $2 12. Na4 Qxa1 13. Qxa1 $18) ({Black should play} 11... h6 $14 12. Bf4 Qd8) 12. b4 (12. f4 $16) 12... axb4 $11 13. axb4 h6 14. Bxf6 Nxf6 15. b5 Bd6 16. bxc6 bxc6 17. Rb1 Qc7 18. Qc2 c5 {[%emt 0:00:16] [#]} (18... Ra3 $11 {remains equal.}) 19. Nb5 $1 $16 Qd7 {[%emt 0:00:29] This move loses the game for Black.} (19... Bh2+ $2 20. Kh1 Qc8 21. dxc5 $18 (21. Kxh2 c4 $16)) (19... Qe7 $16) 20. dxc5 $18 Be5 (20... Bc7 {was called for.} 21. c6 Qe7 22. Nxc7 Qxc7) 21. f4 Bc7 22. f5 Bxf5 23. Rxf5 Rab8 24. Ned4 {[%emt 0:00:31][%cal Of5f6,Be2d4,Bd4f5,Bf5h6][%mdl 32] And now Rxf6! would win.} Qe7 {[%emt 0:00:21] [#]} 25. Rxf6 $1 gxf6 (25... Qxe3+ 26. Rf2) 26. Nf5 Qe5 27. Nxh6+ Kg7 28. Nf5+ Kh8 29. Qe2 {[%emt 0:00:02] White mates.} Qh2+ 30. Kf2 Bg3+ 31. Nxg3 Rg8 32. Qh5+ Kg7 33. Nd6 {[%emt 0:00:06] Weighted Error Value: White=0.15 (very precise) /Black=0.80} 1-0